 Dungeon Crawl Stone Soup version 0.22.0-1-g6561e4c (webtiles) character file.

178 Gravenous the Digger (level 5, -7/31 HPs)
             Began as an Octopode Earth Elementalist on Aug 12, 2018.
             Mangled by a hippogriff (8 damage)
             ... on level 3 of the Dungeon.
             The game lasted 00:04:40 (3058 turns).

Gravenous the Digger (Octopode Earth Elementalist)  Turns: 3058, Time: 00:04:41

Health: -7/31      AC:  1    Str:  7    XL:     5   Next: 58%
Magic:  5/9        EV: 14    Int: 19    God:
Gold:   68         SH:  0    Dex: 12    Spells: 5/9 levels left

rFire    . . .     SeeInvis .   (no weapon)
rCold    . . .     Gourm    .   (no shield)
rNeg     . . .     Faith    .   (helmet restricted)
rPois    .         Spirit   .   (no amulet)
rElec    .         Reflect  .   (no ring)
rCorr    .         Harm     .   (no ring)
MR       .....                  (no ring)
Stlth    +++.......             (no ring)
HPRegen  0.10/turn              (no ring)
MPRegen  0.11/turn              (no ring)
                                (no ring)
                                (no ring)

@: no status effects
A: almost no armour, stealthy swim, amphibious, 8 rings, constrict 8, camouflage
1, gelatinous body 1
a: no special abilities


You were on level 3 of the Dungeon.
You were not hungry.

You visited 1 branch of the dungeon, and saw 3 of its levels.

You collected 68 gold pieces.

Inventory:

Missiles
 b - 31 stones (quivered)
Scrolls
 a - 2 scrolls of enchant weapon {unknown}
 e - 3 scrolls of remove curse {unknown}
 f - a scroll of blinking {unknown}
 g - 3 scrolls of identify {unknown}
Comestibles
 c - 6 rations


   Skills:
 + Level 2.8 Dodging
 + Level 3.8 Stealth
 + Level 2.8 Spellcasting
 * Level 2.0 Conjurations
   Level 1.0 Transmutations
 * Level 4.2 Earth Magic


You had 5 spell levels left.
You knew the following spells:

 Your Spells              Type           Power        Failure   Level  Hunger
a - Sandblast             Erth           ###...       2%          1    None
b - Stone Arrow           Conj/Erth      ##....       13%         3    ###....

Your spell library contained the following spells:

 Spells                   Type           Power        Failure   Level  Hunger
 Spider Form              Tmut/Pois      #.........   36%         3    ###....
 Blade Hands              Tmut           #.........   96%         5    ######.
 Ice Form                 Ice/Tmut       #.......     77%         4    ####...
 Passwall                 Tmut/Erth      ##......     9%          2    ##.....
 Sticks to Snakes         Tmut           #.......     16%         2    ##.....
 Lee's Rapid Deconstruct  Erth           ###.......   61%         5    ######.
 Petrify                  Tmut/Erth      ##......     47%         4    ####...
 Beastly Appendage        Tmut           #.....       11%         1    None


Dungeon Overview and Level Annotations

Branches:
Dungeon (3/15)

Altars:


Innate Abilities, Weirdness & Mutations

You cannot wear most types of armour.
You are very stealthy in the water. (Stealth+)
You are amphibious.
You can wear up to eight rings at the same time.
You can use your tentacles to constrict eight enemies at once.
Your skin changes colour to match your surroundings (Stealth+).
Your rubbery body absorbs attacks. (AC +1, EV +1)


Message History

Confirm with . or Enter, or press ? or * to list all spells.
Aiming: Sandblast (safe; 2% risk of failure)
Press: ? - help, Shift-Dir - straight line, f/p - hippogriff
Aim: a hippogriff (lightly wounded)
The blast of sand hits the hippogriff.
The hippogriff is moderately wounded.
b - 32 stones The hippogriff bites you!
The hippogriff pecks you. The hippogriff claws you!
Casting: Sandblast (safe; 2% risk of failure)
Confirm with . or Enter, or press ? or * to list all spells.
Aiming: Sandblast (safe; 2% risk of failure)
Press: ? - help, Shift-Dir - straight line, f/p - hippogriff
Aim: a hippogriff (moderately wounded)
The blast of sand hits the hippogriff.
The hippogriff is heavily wounded.
b - 31 stones The hippogriff bites you!
* * * LOW HITPOINT WARNING * * *
The hippogriff barely misses you. The hippogriff claws you!
You die...

#........#....#####
#####.####.##.#
.....#.##.#
..#.#.#.##.#
#.#.#.##.#
#.#...†#.# ..
#...#..#.#
....###..#....#
.......H@.....#
....###..#.##.#
.....##....##.###
#...............
.........>##.####
.##...?#####.#
.......# ##
....##.# .... ..


You could see a hippogriff.

Vanquished Creatures
  An ogre (D:2)
  4 adders (D:2)
  3 worms (D:2)
  A leopard gecko (D:2)
  An orc (D:3)
  6 bats
  3 giant cockroaches
  7 goblins
  6 hobgoblins
  5 jackals (D:1)
  5 kobolds
  A quokka (D:2)
  A frilled lizard (D:1)
  3 rats (D:1)
47 creatures vanquished.

Notes
Turn   | Place    | Note
-------+----------+-------------------------------------------
     0 | D:1      | Gravenous the Octopode Earth Elementalist began the quest for the Orb.
     0 | D:1      | Reached XP level 1. HP: 11/11 MP: 3/3
   686 | D:1      | Reached XP level 2. HP: 17/17 MP: 3/5
  1470 | D:2      | Reached XP level 3. HP: 19/21 MP: 6/6
  1475 | D:2      | Learned a level 3 spell: Stone Arrow
  1660 | D:2      | Noticed an ogre
  2080 | D:2      | Reached skill level 1 in Conjurations
  2080 | D:2      | Reached XP level 4. HP: 27/27 MP: 3/7
  2355 | D:2      | Found a faded altar of an unknown god.
  2468 | D:2      | Killed an ogre
  2468 | D:2      | Reached skill level 4 in Earth Magic
  2468 | D:2      | Reached XP level 5. HP: 30/31 MP: 4/9
  3051 | D:3      | Noticed a hippogriff
  3058 | D:3      | HP: 1/31 [hippogriff (9)]
  3058 | D:3      | Mangled by a hippogriff

Skill      XL: |  1  2  3  4 |
---------------+-------------+-----
Stealth        | 3 |  3.8
Conjurations   | 1 2 |  2.0
Earth Magic    | 4 |  4.2
Dodging        | |  2.8
Spellcasting   | |  2.8
Transmutations | |  1.0

Action                   |  1- 3 |  4- 6 || total
-------------------------+-------+-------++-------
Melee: Unarmed           |    70 |    62 ||   132
       Constrict         |    19 |    17 ||    36
       Tentacles         |    14 |     9 ||    23
 Cast: Sandblast         |    11 |    16 ||    27
 Stab: Sleeping          |     5 |     6 ||    11
  Eat: Chunk             |     3 |     4 ||     7
Armor: Skin              |     5 |    12 ||    17
Dodge: Dodged            |    53 |    57 ||   110
